 Dungeon Crawl Stone Soup version 0.23-a0-208-gb6b040f (webtiles) character file.

4755 grindst0ne the Fighter (level 10, -4/82 HPs)
             Began as a Mummy Fighter on Sept 25, 2018.
             Was an Initiate of Gozag.
             Slain by a six-headed hydra (12 damage)
             ... on level 9 of the Dungeon.
             The game lasted 00:10:58 (7673 turns).

grindst0ne the Fighter (Mummy Fighter)              Turns: 7673, Time: 00:10:59

Health: -4/82      AC: 13    Str: 20    XL:     10   Next: 23%
Magic:  10/10      EV:  3    Int:  8    God:    Gozag
Gold:   742        SH: 16    Dex: 14    Spells: 9/9 levels left

rFire    . . .     SeeInvis .   c - +10 whip "Pygud" {venom, rElec rPois rF+}
rCold    + . .     Gourm    .   f - +0 large shield
rNeg     + + +     Faith    .   m - +0 chain mail
rPois    ∞         Spirit   .   e - +0 helmet
rElec    +         Reflect  .   (no cloak)
rCorr    .         Harm     .   t - +1 pair of gloves
MR       +....     Rnd*Tele +   o - +0 pair of boots
Stlth    ..........             (no amulet)
HPRegen  0.23/turn              p - ring of teleportation (curse)
MPRegen  0.12/turn              (no ring)

@: about to teleport, gold aura
A: no food or potions, fire vulnerability, cold resistance 1, negative energy
resistance 3, torment resistance, unbreathing
a: Potion Petition, Call Merchant, Bribe Branch, Renounce Religion


You were on level 9 of the Dungeon.
You worshipped Gozag.
Gozag was pleased with you.
You were not hungry.

You visited 2 branches of the dungeon, and saw 10 of its levels.

You collected 856 gold pieces.
You paid 114 gold pieces to Gozag.

Inventory:

Hand Weapons
 a - a +0 war axe
 c - the +10 whip "Pygud" (weapon) {venom, rElec rPois rF+}
   (You found it on level 4 of the Dungeon)

   It poisons the flesh of those it strikes.
   It protects you from fire.
   It insulates you from electricity.
   It protects you from poison.
 u - a +3 morningstar
Armour
 e - a +0 helmet (worn)
 f - a +0 large shield (worn)
 m - a +0 chain mail (worn)
 o - a +0 pair of boots (worn)
 t - a +1 pair of gloves (worn)
Jewellery
 p - a cursed ring of teleportation (left hand)
Wands
 b - a wand of acid (12)
 l - a wand of flame (31)
 q - a wand of enslavement (12)
 r - a wand of scattershot (5)
 v - a wand of digging (14)
Scrolls
 d - 2 scrolls of amnesia
 g - 5 scrolls of teleportation
 h - a scroll of immolation
 i - 2 scrolls of enchant weapon
 j - a scroll of magic mapping
 k - 2 scrolls of remove curse
 n - 2 scrolls of fog
 s - a scroll of fear
 w - a scroll of identify
 x - 2 scrolls of silence {unknown}


   Skills:
 + Level 8.5 Fighting
 - Level 1.5(5.5) Axes
 * Level 8.4(8.5) Maces & Flails
 - Level 2.4 Armour
 + Level 7.1 Shields


You had 9 spell levels left.
You didn't know any spells.
Your spell library contained the following spells:

 Spells                   Type           Power        Failure   Level  Hunger
 Animate Skeleton         Necr           N/A          100%        1    N/A
 Apportation              Tloc           #.....       100%        1    N/A
 Confusing Touch          Hex            #.....       100%        1    N/A
 Summon Small Mammal      Summ           #...         100%        1    N/A

Dungeon Overview and Level Annotations

Branches:
Dungeon (9/15)             Temple (1/1) D:6
   Lair: D:8-11         Orc: D:9-12

Altars:
Cheibriados
Elyvilon
Fedhas
Gozag
Hepliaklqana
Nemelex Xobeh
Sif Muna
Vehumet
Wu Jian
Xom
Yredelemnul
Zin
The Shining One

Annotations:
D:4 exclusion: oklob plant
D:5 exclusion: 2 downstairs
D:8 exclusion: downstairs


Innate Abilities, Weirdness & Mutations

You do not eat or drink.
Your flesh is vulnerable to fire.
You are immune to poison.
Your flesh is cold resistant. (rC+)
You are immune to negative energy. (rN+++)
You are immune to unholy pain and torment.
You can survive without breathing.


Message History

The six-headed hydra bites you but does no damage.
You miss the killer bee. You block the killer bee's attack.
The six-headed hydra bites you but does no damage.
You block the six-headed hydra's attack. x2
The six-headed hydra bites you but does no damage.
The six-headed hydra bites you.
* * * LOW HITPOINT WARNING * * *
The six-headed hydra bites you but does no damage.
The killer bee stings you but does no damage.
Your shield and chain mail prevent you from hitting the killer bee.
You block the killer bee's attack.
You barely miss the killer bee. You block the killer bee's attack.
The six-headed hydra bites you.
* * * LOW HITPOINT WARNING * * *
The six-headed hydra bites you but does no damage.
The six-headed hydra bites you.
* * * LOW HITPOINT WARNING * * *
The six-headed hydra bites you!
You die...
Your body crumbles into a pile of gold. ######## $$<....# ##$###o# yC.## ############# #yo..o...OooCO{D@yl#

#
DyoD...##.########y##[...
#o....o.)..y.o..y..Zc.#
.........o.oy..yy...$.....
#.###.5a..#5##.##.........
#....##.##.########
#...y...##.# #..#######.#
..... #.#


You could see a six-headed hydra, a two-headed ogre, a cyclops, an ogre, a
centaur, an iguana, 2 killer bees, an orc wizard, an orc and a jackal zombie.

Vanquished Creatures
  A two-headed ogre (D:8)
  A slime creature (D:6)
  Sigmund (D:6)
  Grum (D:8)
  2 hungry ghosts (D:7)
  4 orc warriors
  3 ice beasts
  2 sky beasts (D:4)
  An ogre (D:7)
  3 wolves (D:8)
  A phantom (D:8)
  A centaur (D:5)
  6 bullfrogs
  2 scorpions
  5 wights (D:7)
  2 killer bees (D:9)
  4 electric eels (D:7)
  2 crimson imps (D:5)
  A bullfrog zombie (D:8)
  A centaur zombie (D:8)
  4 hounds
  5 jellies (D:6)
  3 orc priests
  A bullfrog skeleton (D:5)
  An iguana (D:8)
  7 orc wizards
  2 worker ants (D:8)
  A hound zombie (D:5)
  A hound skeleton (D:8)
  3 gnolls (D:6)
  6 adders
  A shadow imp (D:7)
  13 oozes (D:6)
  2 adder zombies
  An adder skeleton (D:8)
  5 worms
  4 dart slugs
  9 leopard geckos
  35 orcs
  6 giant cockroaches
  10 goblins
  7 hobgoblins
  9 jackals
  4 quokkas
  2 ball pythons
  A bat (D:1)
  2 frilled lizards (D:2)
  A jackal zombie (D:5)
  13 kobolds
  8 rats
  A plant (D:7)
212 creatures vanquished.

Vanquished Creatures (others)
  A worker ant (D:5)
  8 fungi (D:6)
  A plant (D:7)
10 creatures vanquished.

Grand Total: 222 creatures vanquished

Notes
Turn   | Place    | Note
-------+----------+-------------------------------------------
     0 | D:1      | grindst0ne the Mummy Fighter began the quest for the Orb.
     0 | D:1      | Reached XP level 1. HP: 18/18 MP: 1/1
   119 | D:1      | Reached XP level 2. HP: 19/24 MP: 2/2
   753 | D:1      | Reached XP level 3. HP: 29/29 MP: 3/3
  1088 | D:2      | Found a hazy altar of Hepliaklqana.
  1829 | D:3      | Reached XP level 4. HP: 37/37 MP: 4/4
  2550 | D:4      | Found a deep blue altar of Sif Muna.
  2562 | D:4      | Reached XP level 5. HP: 42/43 MP: 5/5
  2691 | D:4      | Got a warped whip
  2692 | D:4      | Identified the +10 whip "Pygud" {venom, rElec rPois rF+}
                  | (You found it on level 4 of the Dungeon)
  2707 | D:4      | Found a sparkling altar of Nemelex Xobeh.
  2717 | D:4      | Found a white marble altar of Elyvilon.
  2717 | D:4      | Found an ornate altar of the Wu Jian Council.
  2717 | D:4      | Found a basalt altar of Yredelemnul.
  2846 | D:4      | Noticed a sky beast
  2853 | D:4      | Killed a sky beast
  2853 | D:4      | Reached skill level 1 in Maces & Flails
  2853 | D:4      | Reached XP level 6. HP: 46/50 MP: 6/6
  3383 | D:4      | Found a blossoming altar of Fedhas.
  3408 | D:4      | Noticed an oklob plant
  3481 | D:5      | Entered Level 5 of the Dungeon
  3501 | D:5      | Reached skill level 5 in Fighting
  3505 | D:5      | Noticed a sky beast
  3532 | D:4      | Killed a sky beast
  3532 | D:4      | Reached XP level 7. HP: 11/56 MP: 7/7
  3821 | D:5      | Found a shimmering altar of Xom.
  4600 | D:6      | Noticed a slime creature
  4873 | D:6      | Reached skill level 5 in Shields
  4986 | D:6      | Reached XP level 8. HP: 60/64 MP: 8/8
  5023 | D:6      | Killed a slime creature
  5071 | D:6      | Reached skill level 5 in Maces & Flails
  5238 | D:6      | Found a staircase to the Ecumenical Temple.
  5310 | D:6      | Noticed Sigmund
  5321 | D:6      | Killed Sigmund
  5407 | D:6      | Found a glowing golden altar of the Shining One.
  5471 | Temple   | Entered the Ecumenical Temple
  5545 | Temple   | Became a worshipper of Gozag Ym Sagoz the Greedy
  5703 | D:7      | Found a snail-covered altar of Cheibriados.
  5750 | D:7      | Reached XP level 9. HP: 40/72 MP: 9/9
  6539 | D:8      | Noticed a two-headed ogre
  6551 | D:8      | Killed a two-headed ogre
  7035 | D:8      | Noticed Grum
  7047 | D:8      | Killed Grum
  7047 | D:8      | Reached XP level 10. HP: 80/80 MP: 10/10
  7480 | D:9      | Noticed a cyclops
  7484 | D:9      | Noticed a two-headed ogre
  7496 | D:9      | Noticed a six-headed hydra
  7673 | D:9      | Slain by a six-headed hydra

Vault maps used:
D:1:      lordsloth_arrival_two_stooges
D:2:      nicolae_overflow_hidden_temple, first_ration
D:3:      minmay_splitting_lines, minmay_fountain_box
D:4:      minitemple, grunt_ministairs_6, tgw_fedhas
D:5:      xom_confusion_cloud
D:6:      lemuel_slime, minmay_temple_entry_poolview,
          hangedman_decor_peaks_small, corexii_item_surrounded_by_moat,
          nicolae_tso_carved_into_rock, uniq_sigmund
D:7:      cheibrodos_iron_armory, kennysheep_little_box, serial_bayou_lake_a
D:8:      uniq_grum
D:9:      grunt_pizzeria
Temple:   regret_index_temple_generic_petals

Skill      XL: |  1  2  3  4  5  6  7  8  9 10 |
---------------+-------------------------------+-----
Shields        | 3 4 5 6 7 |  7.1
Fighting       | 4 5 6 7 8 |  8.5
Maces & Flails | 1 2 4 6 8 |  8.4
Axes           | |  1.5
Armour         | |  2.4

Action                   |  1- 3 |  4- 6 |  7- 9 | 10-12 || total
-------------------------+-------+-------+-------+-------++-------
Melee: War axe           |   183 |    79 |       |       ||   262
       Whip              |       |    43 |   325 |    96 ||   464
  Use: Scroll            |       |     1 |     9 |     1 ||    11
Armor: Scale mail        |    66 |    29 |       |       ||    95
       Chain mail        |       |    19 |    83 |    39 ||   141
Dodge: Dodged            |    42 |    14 |    19 |    10 ||    85
Block: Shield            |    15 |       |       |       ||    15
       Large shield      |   134 |    96 |   161 |    71 ||   462

Table legend:
 A = Non-vault XP
 B = Vault XP
 C = Vault XP percentage of total XP
 D = Non-vault monster count
 E = Vault monster count
 F = Vault count percentage of total count
                 A         B        C        D         E       F
            +---------+---------+-------+---------+---------+-------
      Total |    5138 |    1656 |  24.4 |     182 |      29 |  13.7
            +---------+---------+-------+---------+---------+-------
        D:1 |      41 |       0 |   0.0 |      22 |       0 |   0.0
        D:2 |      42 |       0 |   0.0 |      17 |       0 |   0.0
        D:3 |      65 |       0 |   0.0 |      20 |       0 |   0.0
        D:4 |     266 |     129 |  32.7 |      15 |       2 |  11.8
        D:5 |     286 |     183 |  39.0 |      14 |       3 |  17.6
        D:6 |     534 |     814 |  60.4 |      25 |      20 |  44.4
        D:7 |    1363 |       0 |   0.0 |      24 |       0 |   0.0
        D:8 |    2099 |     530 |  20.2 |      33 |       4 |  10.8
        D:9 |     442 |       0 |   0.0 |      12 |       0 |   0.0
            +---------+---------+-------+---------+---------+-------
